 Dungeon Crawl Stone Soup version 0.29-a0-866-g0545e20025 (webtiles) character file.

Game seed: 7078343794178095611

440 Malachi the Ruffian (level 6, 0/59 HPs)
             Began as a Troll Monk on July 17, 2022.
             Slain by a lemure (6 damage)
             ... led by Pikel
             ... on level 4 of the Dungeon.
             The game lasted 00:03:15 (1960 turns).

Malachi the Ruffian (Troll Monk)                    Turns: 1960, Time: 00:03:15

Health: 0/59       AC:  4    Str: 22    XL:     6   Next: 70%
Magic:  5/5        EV: 10    Int:  6    God:
Gold:   240        SH:  0    Dex: 12    Spells: 5/5 levels left

rFire   . . .      SeeInvis .     - Unarmed
rCold   . . .      Faith    .   (no shield)
rNeg    . . .      Spirit   .   a - +0 robe
rPois   .          Reflect  .   (helmet restricted)
rElec   .          Harm     .   o - scarf {repulsion}
rCorr   .          Rampage  .   (gloves unavailable)
Will    .....                   (boots unavailable)
Stlth   ++........              (no amulet)
HPRegen 0.99/turn               (no ring)
MPRegen 0.09/turn               (no ring)

@: repel missiles
A: large, unfitting armour, claws 3, regeneration 1, shaggy fur 1, tough skin 1
a: no special abilities


You were on level 4 of the Dungeon.
You visited 1 branch of the dungeon, and saw 4 of its levels.
You also visited: Sewer.

You collected 240 gold pieces.

Inventory:

Missiles
 f - a throwing net (quivered)
Armour
 a - a +0 robe (worn)
 o - a scarf of repulsion (worn)
Scrolls
 i - 3 scrolls of immolation
Potions
 b - a potion of ambrosia
 d - a potion of haste
 e - a potion of curing
 g - a potion of heal wounds {unknown}
 h - a potion of lignification {unknown}
 k - a potion of brilliance {unknown}
 l - 3 potions of might {unknown}
 m - a potion of berserk rage {unknown}
 n - a potion of cancellation {unknown}


   Skills:
 - Level 2.4 Fighting
 - Level 2.4 Dodging
 - Level 1.0 Stealth
 + Level 7.7 Unarmed Combat


You had 5 spell levels left.
You didn't know any spells.
Your spell library was empty.

Dungeon Overview and Level Annotations

Branches:
Dungeon (4/15)              Sewer (visited)
 Temple: D:4-7

Altars:

Annotations:
D:4 Pikel


Innate Abilities, Weirdness & Mutations

You are too large for most types of armour.
You have claws for hands.
Your natural rate of healing is unusually fast.
You are covered in fur. (AC +1)
You have tough skin. (AC +1)


Message History

You barely miss the phantom.
The phantom is severely damaged.
The phantom barely misses you.
You barely miss the phantom.
The phantom is heavily damaged.
Pikel says, "You'll feel the lick of my whip!"
The phantom hits you but does no damage.
You mangle the phantom!!
You destroy the phantom!
You closely miss the lemure. You closely miss Pikel. You closely miss Pikel.
The lemure hits you.
You scratch Pikel.
Pikel is lightly wounded.
Pikel hits you with a +1 whip of freezing!
Pikel freezes you. The lemure closely misses you.
You barely miss Pikel.
Pikel is lightly wounded.
Pikel hits you with a +1 whip of freezing.
Pikel freezes you.
You barely miss Pikel.
Pikel is lightly wounded.
The lemure hits you. Pikel barely misses you.
You scratch Pikel.
Pikel is moderately wounded.
Pikel hits you with a +1 whip of freezing!
Pikel freezes you. The lemure hits you. The lemure closely misses you.
You are too injured to fight recklessly!
You are too injured to fight recklessly!
You are too injured to fight recklessly!
You closely miss Pikel.
Pikel is moderately wounded.
Pikel hits you with a +1 whip of freezing!
* * * LOW HITPOINT WARNING * * *
Pikel freezes you.
* * * LOW HITPOINT WARNING * * *
The lemure hits you!
* * * LOW HITPOINT WARNING * * *
The lemure hits you.
You die...

#. ####. ##
.... .#
...##.# ##.
..... ....#
.55 #..#..#K#
......#@#####
#.55....#
#.......#
#.......#
#.......#
#.......#
#.......#
#.......#
#....)..#


You could see Pikel and 4 lemures.

Vanquished Creatures
  A water moccasin (Sewer)
  An ogre (D:4)
  The ghost of Gargoyl the Trooper, an amateur GrBe of Trog (D:3)
  A phantom (D:4)
  An adder (D:3)
  A river rat (D:3)
  3 worms
  2 dart slugs (D:2)
  9 orcs (D:3)
  2 ball pythons (D:1)
  10 endoplasms
  4 giant cockroaches
  3 goblins
  6 hobgoblins
  A kobold (D:1)
  3 quokkas
  9 bats
  A frilled lizard (D:1)
  6 rats
65 creatures vanquished.

Notes
Turn   | Place    | Note
-------+----------+-------------------------------------------
     0 | D:1      | Malachi the Troll Monk began the quest for the Orb.
     0 | D:1      | Reached XP level 1. HP: 22/22 MP: 0/0
   147 | D:1      | Reached XP level 2. HP: 29/29 MP: 1/1
   265 | D:1      | Found a faded altar of an unknown god.
   664 | D:2      | Reached skill level 4 in Unarmed Combat
   716 | D:2      | Reached XP level 3. HP: 36/36 MP: 2/2
  1209 | D:3      | Found a runed translucent gate.
  1210 | D:3      | Found a runed translucent gate.
  1210 | D:3      | Noticed Gargoyl's ghost (amateur GrBe)
  1233 | D:3      | Found a runed translucent gate.
  1346 | D:3      | Reached skill level 5 in Unarmed Combat
  1346 | D:3      | Reached XP level 4. HP: 44/44 MP: 3/3
  1358 | D:3      | Found a glowing drain.
  1362 | Sewer    | Entered a sewer
  1398 | Sewer    | Noticed a water moccasin
  1407 | Sewer    | Killed a water moccasin
  1408 | Sewer    | Reached skill level 6 in Unarmed Combat
  1408 | Sewer    | Reached XP level 5. HP: 42/50 MP: 4/4
  1838 | D:3      | Killed Gargoyl's ghost
  1839 | D:3      | Reached XP level 6. HP: 39/59 MP: 5/5
  1938 | D:4      | Reached skill level 7 in Unarmed Combat
  1945 | D:4      | Noticed Pikel
  1960 | D:4      | Slain by a lemure

Illustrated notes

Levels and vault maps discovered:
D:1:      wheals_arrival_shading, layout_loops_ring,
          shapermc_ecumenical_altar_acropolis
D:2:      layout_rooms, amcnicky_mini_pool_small
D:3:      layout_rooms, gup_sewer_entry_bowl, biasface_ghost_orc_armoury,
          minmay_misc_feat_room, kennysheep_generic_room_8
D:4:      layout_rooms, kennysheep_mini, serial_shops, shop,
          uniq_crazy_yiuf_cottage, uniq_menkaure, uniq_pikel, uniq_pargi

Skill      XL: |  1  2  3  4  5  6 |
---------------+-------------------+-----
Unarmed Combat | 4 5 6 7 |  7.7
Fighting       | |  2.4
Dodging        | |  2.4
Stealth        | |  1.0

Action                   |  1- 3 |  4- 6 || total
-------------------------+-------+-------++-------
Melee: Unarmed           |    87 |    90 ||   177
       Punch             |     3 |     3 ||     6
  Use: Scroll            |     4 |     1 ||     5
 Stab: Sleeping          |     5 |       ||     5
Armor: Robe              |    20 |    31 ||    51
Dodge: Dodged            |    38 |    44 ||    82

Table legend: (Time is in decaauts)
 A = Elapsed time spent in this place.
 B = Non-inter-level travel time spent in this place.
 C = Inter-level travel time spent in this place.
 D = Time resting spent in this place.
 E = Time spent auto-exploring this place.
 F = Levels seen in this place.
 G = Mean time per level.
                   A        B        C        D        E       F      G
               +--------+--------+--------+--------+--------+-----+--------+
         Total |   1950 |   1755 |    195 |      0 |   1122 |   5 |  390.0 |
       Dungeon |   1862 |   1667 |    195 |      0 |   1122 |   4 |  465.5 |
         Sewer |     88 |     88 |      0 |      0 |      0 |   1 |   88.0 |
               +--------+--------+--------+--------+--------+-----+--------+

Top non-repeatable levels by time:
     D:3: 722 daAuts
     D:1: 660 daAuts
     D:2: 449 daAuts
   Sewer: 88 daAuts
     D:4: 29 daAuts
